Map: Ruins of Endion

Players

PiLiPiLi - Winner!

  • Race: Protoss Protoss
  • League: Grandmaster

Kelazhur

  • Race: Terran Terran
  • League: Master

VOD

Have the link to the VOD?

Description

Time

  • Played on: May 21, 2016, 11:05 p.m.
  • Length: 4:38
Show
View Real Time Build Order
Export as new Build Order

PiLiPiLi Protoss - Winner!

Build Orders: 1 Gate Expand 

Get SALT Encoding   

  12  0:01  Probe (Chrono Boost)  
  13  0:11  Probe (Chrono Boost)  
  14  0:17  Pylon  
  14  0:22  Probe (Chrono Boost)  
  15  0:36  Probe (Chrono Boost), Gateway  
  15  0:42  Assimilator  
  16  0:46  Probe (Chrono Boost)  
  18  0:57  Probe (Chrono Boost)  
  18  1:07  Probe (Chrono Boost)  
  19  1:17  Nexus  
  19  1:21  Probe (Chrono Boost)  
  20  1:30  Cybernetics Core  
  20  1:33  Probe (Chrono Boost)  
  20  1:38  Assimilator  
  21  1:44  Probe (Chrono Boost)  
  22  1:48  Pylon  
  22  1:54  Probe (Chrono Boost)  
  23  2:07  Warp Gate (Chrono Boost), Mothership Core (Chrono Boost)  
  23  2:08  Adept  
  27  2:25  Probe (Chrono Boost)  
  28  2:30  Probe (Chrono Boost)  
  28  2:34  Robotics Facility  
  28  2:36  Probe  
  30  2:42  Probe  
  30  2:43  Stalker  
  31  2:48  Probe  
  34  2:54  Probe  
  35  2:59  Gateway  
  35  3:00  Probe  
  35  3:04  Gateway  
  36  3:07  Probe  
  37  3:17  Probe  
  38  3:21  Observer (Chrono Boost)  
  38  3:22  Stalker  
  38  3:26  Probe  
  38  3:27  Pylon  
  42  3:33  Probe  
  43  3:40  Observer (Chrono Boost)  
  41  3:48  Probe  
  39  3:55  Probe  
  40  4:00  Probe  
  39  4:07  Probe  
  38  4:12  Probe, Stalker x2  
  38  4:13  Stalker  
  45  4:17  Assimilator  
  45  4:19  Probe  
  45  4:21  Assimilator  
  47  4:24  Probe  
Show
View Real Time Build Order
Export as new Build Order

Kelazhur Terran 

Build Orders:  

Get SALT Encoding   

  12  0:01  SCV  
  13  0:13  SCV  
  14  0:18  Supply Depot  
  14  0:25  SCV  
  15  0:40  SCV  
  15  0:41  Barracks  
  16  0:46  Refinery  
  16  0:52  SCV  
  16  0:56  Refinery  
  18  1:04  SCV  
  18  1:16  SCV  
  19  1:28  Ghost Academy  
  19  1:29  Orbital Command  
  19  1:34  Barracks Tech Lab  
  19  1:44  Supply Depot  
  19  1:59  Personal Cloaking  
  19  2:04  SCV  
  20  2:17  Ghost  
  20  2:21  SCV  
  23  2:35  Factory, SCV  
  24  2:48  SCV  
  24  2:52  Ghost  
  24  2:57  Supply Depot  
  26  3:01  SCV  
  27  3:09  Barracks  
  27  3:13  SCV  
  27  3:23  Ghost  
  27  3:30  Widow Mine  
  29  3:36  SCV  
  29  3:43  Supply Depot  
  29  3:54  Ghost  
  29  3:56  SCV  
  30  4:08  SCV  
  29  4:11  Marine  
Tags
 
Add a new tag
Caveats
  • Supply blocks, unpowered buildings, or Contaminate may cause inaccurate times.
  • Supply counts are checked every 10 seconds.